 Dungeon Crawl Stone Soup version 0.28-a0-612-gcfc00ec14d (webtiles) character file.

Game seed: 14724858433195470025

201 siradein the Insei (level 5, 0/42 HPs)
             Began as a Draconian Transmuter on Oct 6, 2021.
             Slain by a gnoll (11 damage)
             ... on level 4 of the Dungeon.
             The game lasted 00:06:31 (4097 turns).

siradein the Insei (Draconian Transmuter)           Turns: 4097, Time: 00:06:31

Health: 0/42       AC:  2    Str: 12    XL:     5   Next: 50%
Magic:  7/9        EV: 20    Int: 14    God:
Gold:   159        SH:  0    Dex: 17    Spells: 3/9 levels left

rFire   . . .      SeeInvis .     - Unarmed
rCold   . . .      Faith    .   (shield currently unavailable)
rNeg    . . .      Spirit   .   (armour unavailable)
rPois   x          Reflect  .   (helmet currently unavailable)
rElec   .          Harm     .   (cloak currently unavailable)
rCorr   .          Rampage  .   (gloves currently unavailable)
Will    .....                   (boots currently unavailable)
Stlth   ++........              (no amulet)
HPRegen 0.14/turn               (no ring)
MPRegen 0.11/turn               (no ring)

@: spider-form (expiring)
A: venomous fangs, AC +5, tiny, unfitting armour, (cold-blooded)
a: End Transformation


You were on level 4 of the Dungeon.
You were a venomous arachnid creature.
You visited 1 branch of the dungeon, and saw 4 of its levels.

You collected 159 gold pieces.

Inventory:

Armour
 b - a +2 hat of willpower (melded)
Scrolls
 c - 5 scrolls of identify {unknown}
 d - a scroll of enchant armour {unknown}
 f - a scroll of magic mapping {unknown}
Potions
 a - a potion of mutation {unknown}
 e - 2 potions of curing
 g - a potion of lignification {unknown}


   Skills:
 + Level 2.6 Fighting
 + Level 2.7 Dodging
 + Level 3.7 Unarmed Combat
 + Level 2.8 Spellcasting
 + Level 3.0 Transmutations
 + Level 1.1 Poison Magic


You had 3 spell levels left.
You knew the following spells:

 Your Spells              Type           Power      Damage    Failure   Level
a - Beastly Appendage     Tmut           20%        N/A       17%         1
b - Wereblood             Tmut           10%        N/A       24%         2
c - Spider Form           Tmut/Pois      3%         N/A       50%         3

Your spell library contained the following spells:

 Spells                   Type           Power      Damage    Failure   Level
 Gell's Gravitas          Tloc           1%         N/A       75%         3
 Lesser Beckoning         Tloc           2%         N/A       75%         3
 Teleport Other           Tloc           2%         N/A       75%         3
 Ice Form                 Ice/Tmut       6%         N/A       89%         4
 Conjure Ball Lightning   Conj/Air       1%         3x3d6     100%        6
 Discord                  Hex            1%         N/A       100%        8
 Disjunction              Tloc           1%         N/A       100%        8


Dungeon Overview and Level Annotations

Branches:
Dungeon (4/15)
 Temple: D:4-7

Altars:
Gozag
Uskayaw

Shops:
D:1 *

Annotations:
D:4 Edmund


Innate Abilities, Weirdness & Mutations

You are a venomous arachnid creature.
You have poisonous fangs.
You are tiny and dextrous.
Your spellcasting is less reliable in this form.
Your armour is entirely melded.
You are incapable of wielding weapons or throwing items.
((Your plain brown scales are hard. (AC +5)))
You cannot fit into any form of body armour.
((You are cold-blooded and may be slowed by cold attacks.))


Message History

A kobold comes into view.
It is wielding a +0 whip and quivering poisoned darts.
The kobold throws a poisoned dart.
The poisoned dart barely misses you.
You hit Edmund but do no damage.
Edmund is poisoned.
You hit Edmund but do no damage.
Edmund looks as sick as possible!
Edmund misses you.
You hit Edmund.
Edmund looks as sick as possible!
Edmund is lightly wounded.
Edmund hits you with a +3 vorpal dire flail.
A gnoll comes into view. It is wielding a +0 flail.
You hit Edmund but do no damage.
Edmund looks as sick as possible!
Edmund is lightly wounded.
Your transformation is almost over.
Edmund drinks a potion.
Edmund is healed!
Edmund looks more healthy.
The quokka completely misses you.
You hit Edmund.
Edmund is poisoned.
Edmund is lightly wounded.
The quokka completely misses you. Edmund closely misses you.
The gnoll hits you with a +0 halberd! The kobold misses you.
The quokka completely misses you.
You hit the kobold.
The kobold is poisoned.
The kobold is severely wounded.
The gnoll closely misses you. Edmund closely misses you.
The kobold barely misses you.
The quokka twitches its whiskers.
The quokka completely misses you.
You closely miss the kobold.
The kobold is severely wounded.
The gnoll barely misses you.
Edmund hits you with a +3 vorpal dire flail!
* * * LOW HITPOINT WARNING * * *
The kobold completely misses you. The quokka completely misses you.
You bite the kobold!
You kill the kobold!
The quokka bites you.
* * * LOW HITPOINT WARNING * * *
The gnoll throws a throwing net.
The throwing net closely misses you.
The throwing net hits Edmund.
Edmund is caught in the net!
Edmund struggles against the net.
The gnoll hits you with a +0 halberd!
You die...

≈§≈§≈§§.# ..
(..§§§..# ..
..≈.≈≈≈.≈.##.
..≈.....≈...
#.§.._..≈K.#
#.≈....§≈§.#
.##.≈.§≈≈§≈.@#
..§.....§gr.#
#§≈≈≈≈≈§≈s##
#.......g.#
.#####.#.#.##
.......<.#.#
######.....#
#..........
#..##..####
#.. ..... #g#
#..###


You could see Edmund (caught, very poisoned), 2 gnolls, a quokka and a kobold.

Vanquished Creatures
  Jessica (D:2)
  2 orc wizards (D:3)
  7 adders
  A worm (D:2)
  A dart slug (D:1)
  8 orcs (D:3)
  6 ball pythons
  5 endoplasms
  2 goblins (D:2)
  5 hobgoblins
  2 jackals (D:3)
  4 kobolds
  A quokka (D:2)
  A bat (D:3)
  A frilled lizard (D:1)
  6 rats
53 creatures vanquished.

Vanquished Creatures (others)
  7 fungi (D:4)
7 creatures vanquished.

Grand Total: 60 creatures vanquished

Notes
Turn   | Place    | Note
-------+----------+-------------------------------------------
     0 | D:1      | siradein the Draconian Transmuter began the quest for the
                  | Orb.
     0 | D:1      | Reached XP level 1. HP: 16/16 MP: 3/3
   757 | D:1      | Reached XP level 2. HP: 23/23 MP: 3/5
  1077 | D:1      | Found Wuvim's Assorted Antiques.
  1348 | D:2      | Noticed Jessica
  1358 | D:2      | Killed Jessica
  1359 | D:2      | Reached XP level 3. HP: 12/29 MP: 6/6
  1593 | D:2      | Learned a level 2 spell: Wereblood
  1597 | D:2      | Learned a level 3 spell: Spider Form
  1766 | D:2      | Reached XP level 4. HP: 36/36 MP: 4/7
  3213 | D:3      | Found a faded altar of an unknown god.
  3764 | D:3      | Found a hide-covered altar of Uskayaw.
  3912 | D:3      | Reached XP level 5. HP: 39/42 MP: 7/9
  3980 | D:3      | Reached skill level 1 in Poison Magic
  4081 | D:4      | Found an opulent altar of Gozag.
  4082 | D:4      | Noticed Edmund
  4097 | D:4      | Slain by a gnoll

Illustrated notes

Levels and vault maps discovered:
D:1:      psy_arrival_radial02, layout_basic, serial_shops, shop
D:2:      layout_loops_ring, amcnicky_mini_rare_corridor_liquid, uniq_jessica
D:3:      layout_basic, nicolae_uskayaw_suspiria,
          hellmonk_ecumenical_altar_lost_god, minmay_hedge_maze
D:4:      layout_loops_ring, mainiacjoe_overflow_cross_hatched,
          minmay_temple_entry_stoned_glass, nicolae_ossuary_entry_monument,
          serial_aquarium, aquarium_bridge_square [aquarium_subvault_wall,
          aquarium_subvault_bridge, aquarium_subvault_bridge,
          aquarium_subvault_window], aquarium_bridge_long_separate
          [aquarium_subvault_bridge, aquarium_subvault_bridge,
          aquarium_subvault_balcony, aquarium_subvault_wall,
          aquarium_subvault_bridge, aquarium_subvault_bridge],
          aquarium_window_1, aquarium_window_corner, aquarium_window_fake,
          aquarium_view_4, aquarium_balcony_double_4, uniq_edmund, uniq_natasha

Skill      XL: |  1  2  3  4  5 |
---------------+----------------+-----
Dodging        | 2 |  2.7
Fighting       | 2 |  2.6
Poison Magic   | 1 |  1.1
Transmutations | 3 |  3.0
Unarmed Combat | |  3.7
Spellcasting   | |  2.8

Action                   |  1- 3 |  4- 6 || total
-------------------------+-------+-------++-------
Melee: Unarmed           |    55 |   128 ||   183
       Kick              |    12 |    17 ||    29
       Tailslap          |     7 |    10 ||    17
       Headbutt          |     5 |     7 ||    12
 Cast: Beastly Appendage |    18 |    24 ||    42
       Wereblood         |     2 |     2 ||     4
       Spider Form       |       |     1 ||     1
 Stab: Sleeping          |     1 |     1 ||     2
Armor: Skin              |     8 |    37 ||    45
Dodge: Dodged            |    32 |    59 ||    91

Table legend: (Time is in decaauts)
 A = Elapsed time spent in this place.
 B = Non-inter-level travel time spent in this place.
 C = Inter-level travel time spent in this place.
 D = Time resting spent in this place.
 E = Time spent auto-exploring this place.
 F = Levels seen in this place.
 G = Mean time per level.
                   A        B        C        D        E       F      G
               +--------+--------+--------+--------+--------+-----+--------+
         Total |   4089 |   4057 |     32 |      0 |   3601 |   4 | 1022.2 |
       Dungeon |   4089 |   4057 |     32 |      0 |   3601 |   4 | 1022.2 |
               +--------+--------+--------+--------+--------+-----+--------+

Top non-repeatable levels by time:
     D:3: 1516 daAuts
     D:1: 1337 daAuts
     D:2: 1218 daAuts
     D:4: 16 daAuts
